 Dungeon Crawl Stone Soup version 0.28-a0-980-g3664467d6e (webtiles) character file.

Game seed: 13323841692051807323

275 Jannitor the Skirmisher (level 6, -2/48 HPs)
             Began as a Demonspawn Cinder Acolyte on Dec 2, 2021.
             Was an Elder of Ignis.
             Slain by an orc (6 damage)
             ... on level 3 of the Dungeon.
             The game lasted 00:05:07 (4149 turns).

Jannitor the Skirmisher (Demonspawn Cinder Acolyte) Turns: 4149, Time: 00:05:08

Health: -2/48      AC:  2    Str: 14    XL:     6   Next: 3%
Magic:  5/10       EV: 11    Int: 16    God:    Ignis [****..]
Gold:   176        SH:  0    Dex: 10    Spells: 8/10 levels left

rFire   + . .      SeeInvis .     - Unarmed
rCold   . . .      Faith    .   (no shield)
rNeg    . . .      Spirit   .   b - +0 robe
rPois   .          Reflect  .   (no helmet)
rElec   .          Harm     .   (no cloak)
rCorr   .          Rampage  .   (no gloves)
Will    .....                   (no boots)
Stlth   +.........              (no amulet)
HPRegen 0.16/turn               (no ring)
MPRegen 0.12/turn               (no ring)

@: no status effects
A: claws 2
a: Renounce Religion, Fiery Armour, Foxfire Swarm, Rising Flame


You were on level 3 of the Dungeon.
You worshipped Ignis.
Ignis was greatly pleased with you.
You visited 1 branch of the dungeon, and saw 4 of its levels.

You collected 176 gold pieces.

Inventory:

Hand Weapons
 a - a -1 short sword of flaming
Armour
 b - a +0 robe (worn)
Scrolls
 c - a scroll of identify {unknown}
 e - a scroll of teleportation {unknown}
 f - a scroll of enchant weapon {unknown}
 h - 2 scrolls of amnesia {unknown}
 i - a scroll of blinking {unknown}


   Skills:
 + Level 4.2 Fighting
 - Level 2.8 Short Blades
 + Level 1.0 Dodging
 + Level 2.1 Unarmed Combat
 + Level 2.7 Spellcasting
 + Level 3.8 Fire Magic


You had 8 spell levels left.
You knew the following spells:

 Your Spells              Type           Power      Damage    Failure   Level
a - Scorch                Fire           28%        2d6       6%          2

Your spell library contained the following spells:

 Spells                   Type           Power      Damage    Failure   Level
 Corpse Rot               Necr/Air       4%         N/A       28%         2
 Dispel Undead            Necr           2%         3d7       88%         4
 Death Channel            Necr           1%         N/A       100%        6


Dungeon Overview and Level Annotations

Branches:
Dungeon (4/15)
 Temple: D:4-7

Altars:
Ashenzari


Innate Abilities, Weirdness & Mutations

You have very sharp fingernails.


Message History

Flames lash the orc.
You kill the orc!
You feel sick. The adder closely misses you.
You have reached level 6!
You scratch the adder.
The adder is severely wounded.
You feel sick. The adder bites you.
You barely miss the adder.
The adder is severely wounded.
You feel sick. The adder barely misses you. The adder closely misses you.
You scratch the adder.
The adder is almost dead.
You feel sick. The adder bites you.
You are more poisoned.
The adder poisons you!
You closely miss the adder.
The adder is almost dead.
You feel sick. The adder bites you.
You are more poisoned.
The adder poisons you!
You scratch the adder.
You kill the adder!
* * * LOW HITPOINT WARNING * * *
You feel very sick.
Your Dodging skill increases to level 1!
Unknown command.
* * * LOW HITPOINT WARNING * * *
You feel very sick.
You feel sick.
* * * LOW HITPOINT WARNING * * *
You feel sick.
You feel sick.
You feel sick.
You see here a +0 hunting sling.
You feel sick.
You feel sick.
You feel sick.
You are no longer poisoned.
The orc hits you with a +0 flail.
You die...

#.))o)..# ......#.#....
#.##o#### .............. #.#
.# #..###...#.... #.# ..
#........##### #.#########
#.##....## # #.#.......#
#.##.##.# #
#.#.#####.#######.##.##.# #
#.#.#####.##............# #
#.)........oo@.#.###.#########
###.#####.##.#.#.###.#####....
#.......##.#.......#........
##########.###.#####..##.###
#.###.# #........ #.....#
##...#)### ####### ##.........
#.....#.... #.....#####


You could see 2 orcs.

Vanquished Creatures
  A scorpion (D:4)
  A water moccasin skeleton (D:3)
  4 gnolls (D:3)
  4 adders
  3 worms
  A dart slug (D:1)
  8 orcs
  6 ball pythons
  9 endoplasms
  2 giant cockroaches
  A hobgoblin (D:2)
  7 quokkas
  4 bats
  2 frilled lizards (D:1)
  6 goblins
  7 kobolds
  5 rats
71 creatures vanquished.

Vanquished Creatures (others)
  28 foxfires (D:3)
  7 fungi (D:2)
  2 plants (D:2)
37 creatures vanquished.

Grand Total: 108 creatures vanquished

Notes
Turn   | Place    | Note
-------+----------+-------------------------------------------
     0 | D:1      | Jannitor the Demonspawn Cinder Acolyte began the quest for
                  | the Orb.
     0 | D:1      | Reached XP level 1. HP: 18/18 MP: 2/2
   200 | D:1      | Gained mutation: You have sharp fingernails. [demonic
                  | ancestry]
   200 | D:1      | Reached XP level 2. HP: 24/24 MP: 3/3
  1125 | D:1      | Reached XP level 3. HP: 25/29 MP: 5/5
  1258 | D:1      | Learned a level 2 spell: Scorch
  1898 | D:2      | Reached skill level 1 in Unarmed Combat
  1956 | D:2      | Found a faded altar of an unknown god.
  2376 | D:3      | Reached XP level 4. HP: 31/35 MP: 1/6
  3283 | D:3      | Gained mutation: You have very sharp fingernails. [demonic
                  | ancestry]
  3283 | D:3      | Reached XP level 5. HP: 42/42 MP: 5/8
  3748 | D:4      | Found a broken altar of Ashenzari.
  3755 | D:4      | Reached skill level 4 in Fighting
  4129 | D:3      | Reached XP level 6. HP: 24/48 MP: 2/10
  4134 | D:3      | Reached skill level 1 in Dodging
  4141 | D:3      | HP: 2/48 [poisoned by an adder]
  4149 | D:3      | Slain by an orc

Illustrated notes

Levels and vault maps discovered:
D:1:      dpeg_arrival_shelter, layout_basic, st_stairs_2
D:2:      layout_rooms, dreamdust_ecumenical_altar_grove
D:3:      layout_loops_cross
D:4:      layout_loops_cross, mainiacjoe_overflow_surrounded_room,
          lemuel_round_altar, minmay_temple_entry_statues_fountains,
          minivault_11, uniq_edmund

Skill      XL: |  1  2  3  4  5  6 |
---------------+-------------------+-----
Fire Magic     | 3 |  3.8
Unarmed Combat | 1 2 |  2.1
Spellcasting   | 2 |  2.7
Fighting       | 4 |  4.2
Dodging        | 1 |  1.0
Short Blades   | |  2.8

Action                   |  1- 3 |  4- 6 || total
-------------------------+-------+-------++-------
Melee: Short sword       |    26 |       ||    26
       Unarmed           |    86 |    52 ||   138
 Cast: Scorch            |    13 |    33 ||    46
Invok: Foxfire Swarm     |       |     2 ||     2
       Fiery Armour      |       |     1 ||     1
  Use: Potion            |       |     2 ||     2
Armor: Robe              |    23 |    10 ||    33
Dodge: Dodged            |    65 |    44 ||   109

Table legend: (Time is in decaauts)
 A = Elapsed time spent in this place.
 B = Non-inter-level travel time spent in this place.
 C = Inter-level travel time spent in this place.
 D = Time resting spent in this place.
 E = Time spent auto-exploring this place.
 F = Levels seen in this place.
 G = Mean time per level.
                   A        B        C        D        E       F      G
               +--------+--------+--------+--------+--------+-----+--------+
         Total |   4147 |   4110 |     37 |   1667 |   1806 |   4 | 1036.8 |
       Dungeon |   4147 |   4110 |     37 |   1667 |   1806 |   4 | 1036.8 |
               +--------+--------+--------+--------+--------+-----+--------+

Top non-repeatable levels by time:
     D:1: 1529 daAuts
     D:3: 1523 daAuts
     D:2: 740 daAuts
     D:4: 353 daAuts
